Map: Tokamak LE

Players

ManlyManMeat

  • Race: Zerg Zerg
  • League: Diamond
  • Spawn Location: 1:00

MrGreen - Winner!

  • Race: Terran Terran
  • League: Diamond
  • Spawn Location: 7:00

VOD

Have the link to the VOD?

Description

Time

  • Played on: July 13, 2025, 3:34 p.m.
  • Length: 9:33
Show
View Real Time Build Order
Export as new Build Order

ManlyManMeat Zerg 

Build Orders: Hatch First 

Get SALT Encoding   

  12  0:00  Drone  
  13  0:08  Drone  
  13  0:13  Extractor  
  13  0:14  Drone  
  15  0:22  Overlord  
  15  0:41  Drone  
  16  0:47  Hatchery  
  15  0:53  Drone x2  
  17  0:58  Drone  
  18  1:07  Extractor  
  17  1:14  Spawning Pool  
  17  1:16  Drone  
  17  1:19  Drone  
  18  1:26  Drone  
  19  1:38  Drone  
  20  2:00  Queen  
  20  2:01  Queen  
  24  2:04  Zergling x4  
  26  2:17  Drone  
  27  2:23  Overlord  
  27  2:25  Hatchery  
  26  2:47  Lair  
  26  2:48  Metabolic Boost  
  26  2:50  Drone x2  
  28  3:01  Overlord  
  28  3:10  Overlord  
  28  3:18  Overlord  
  28  3:19  Queen  
  30  3:22  Drone x4  
  34  3:27  Drone x2  
  36  3:39  Drone x4  
  39  3:47  Zergling x4  
  41  3:52  Queen  
  43  3:59  Queen  
  45  4:04  Drone x2  
  45  4:05  Drone  
  48  4:10  Drone x2  
  48  4:11  Drone  
  48  4:12  Drone x3, Extractor  
  54  4:24  Drone  
  54  4:25  Drone x3  
  57  4:48  Overseer  
  57  5:01  Roach Warren, Hatchery, Spore Crawler  
  57  5:02  Spore Crawler  
  57  5:04  Drone x4, Hatchery, Spore Crawler  
  57  5:05  Overlord x3  
  55  5:22  Zergling x4  
  44  5:45  Roach x6  
  44  5:46  Roach x4  
  44  5:48  Queen x2  
  60  5:51  Drone x4  
  44  6:15  Drone x7  
  49  6:30  Drone x5  
  50  6:34  Drone  
  43  6:43  Glial Reconstitution  
  41  6:50  Drone  
  41  6:51  Drone  
  43  6:59  Drone x2  
  44  7:09  Burrow  
  41  7:24  Drone x3  
  41  7:25  Drone x4  
  48  7:32  Drone x3  
  48  7:34  Drone  
  52  7:42  Overlord  
  52  7:43  Drone  
  53  7:53  Roach x3  
  53  7:55  Ravager  
  60  8:05  Roach x4  
  60  8:09  Roach  
  60  8:12  Drone  
  63  8:15  Ravager  
  64  8:21  Drone x3  
  67  8:28  Ravager  
  67  8:31  Overlord x2  
  68  8:46  Overlord x2  
  68  8:47  Overlord x2  
  68  8:52  Drone x3  
  68  8:54  Roach  
  71  9:07  Roach x6  
Show
View Real Time Build Order
Export as new Build Order

MrGreen Terran - Winner!

Build Orders: 2 Factory, Hellion Opening, Mech 

Get SALT Encoding   

  12  0:00  SCV  
  13  0:12  SCV  
  14  0:17  Supply Depot  
  14  0:24  SCV  
  15  0:38  SCV  
  15  0:39  Barracks  
  16  0:43  Refinery  
  16  0:50  SCV  
  17  1:02  SCV  
  18  1:15  SCV  
  19  1:26  Marine  
  19  1:27  Orbital Command  
  20  1:43  Command Center  
  20  1:44  Marine  
  21  1:56  SCV  
  22  2:04  Factory  
  22  2:07  Supply Depot  
  22  2:08  Barracks Reactor  
  22  2:25  SCV  
  23  2:35  Refinery  
  24  2:37  SCV  
  24  2:49  Factory, SCV  
  25  2:54  Hellion x2  
  25  2:56  Orbital Command  
  29  3:01  SCV  
  29  3:03  Barracks Tech Lab  
  30  3:13  SCV  
  30  3:15  Supply Depot  
  30  3:17  Supply Depot  
  31  3:23  Hellion  
  31  3:25  SCV  
  31  3:27  Hellion  
  35  3:43  SCV x2  
  35  3:45  Hellion  
  39  3:50  Cyclone  
  39  3:51  Hellion  
  39  3:55  SCV x2  
  46  4:03  Infernal Pre-Igniter  
  46  4:07  SCV x2  
  48  4:15  Hellion x2  
  52  4:19  SCV x2  
  54  4:25  Cyclone  
  57  4:31  SCV  
  57  4:32  Bunker  
  58  4:39  Supply Depot  
  58  4:41  Hellion x2  
  62  4:46  Factory  
  62  4:53  Supply Depot  
  62  5:01  SCV x2  
  62  5:02  Hellion x2  
  68  5:13  SCV  
  68  5:14  Cyclone, Supply Depot  
  69  5:16  Supply Depot  
  69  5:18  Refinery  
  72  5:35  Hellion x2  
  72  5:46  Siege Tank  
  75  5:56  Hellion x2  
  74  6:13  Factory Tech Lab  
  74  6:16  Factory  
  74  6:17  Hellion  
  74  6:18  Hellion, Cyclone  
  78  6:19  Factory  
  78  6:23  Command Center  
  77  6:46  Hellion x2  
  81  6:51  Cyclone  
  84  7:08  Hellion  
  86  7:18  Factory Tech Lab x2  
  86  7:23  Cyclone  
  86  7:24  Siege Tank  
  86  7:25  Hellion  
  94  7:34  Refinery, Supply Depot  
  94  7:35  Hellion  
  94  7:36  Supply Depot, Command Center  
  96  7:46  Siege Tank  
  96  7:47  Hellion x2  
  103  7:55  Cyclone  
  103  7:56  Hellion  
  108  8:03  Siege Tank  
  111  8:08  Hellion  
  113  8:25  Siege Tank  
  113  8:26  Hellion  
  118  8:27  Refinery, Siege Tank  
  121  8:57  Siege Tank x3  
  121  8:58  Hellion  
Tags
 
Add a new tag
Caveats
  • Supply blocks, unpowered buildings, or Contaminate may cause inaccurate times.
  • Supply counts are checked every 10 seconds.